 Dungeon Crawl Stone Soup version 0.18.1-50-g88ac8fd (webtiles) character file.

95 IDKFA the Covered (level 4, -5/40 HPs)
             Began as a Hill Orc Fighter on Apr 21, 2018.
             Killed from afar by Natasha (6 damage)
             ... with a magic dart
             ... on level 2 of the Dungeon.
             The game lasted 00:06:34 (1488 turns).

IDKFA the Covered (Hill Orc Fighter)                Turns: 1488, Time: 00:06:34

Health: -5/40      AC:  7    Str: 19    XL:     4   Next: 65%
Magic:  4/4        EV:  7    Int:  8    God:
Gold:   120        SH:  9    Dex: 10    Spells: 0 memorised, 3 levels left

rFire  . . .     SeeInvis .     a - +0 long sword
rCold  . . .     Gourm    .     b - +0 scale mail
rNeg   . . .     Faith    .     c - +0 shield
rPois  .         Spirit   .     (no helmet)
rElec  .         Dismiss  .     (no cloak)
rCorr  .         Reflect  .     (no gloves)
SustAt .         Harm     .     (no boots)
MR     .....                    (no amulet)
Stlth  ..........               (no ring)
                                (no ring)

@: not resistant to hostile enchantments, extremely unstealthy
A: no striking features
a: no special abilities


You were on level 2 of the Dungeon.
You were not hungry.

You visited 1 branch of the dungeon, and saw 2 of its levels.

You collected 120 gold pieces.

Inventory:

Hand Weapons
 a - a +0 long sword (weapon)
Armour
 b - a +0 scale mail (worn)
 c - a +0 shield (worn)
 k - a +0 leather armour
Scrolls
 g - a scroll of blinking {unknown}
 l - 2 scrolls of identify {unknown}
Potions
 d - a potion of might
 e - a potion of curing {unknown}
 i - a potion of degeneration {unknown}
Comestibles
 f - a bread ration
 h - a royal jelly
 j - 4 fruits


   Skills:
 + Level 4.1 Fighting
 + Level 2.6 Long Blades
 + Level 4.2 Armour
 + Level 1.2 Dodging
 + Level 3.9 Shields


You had 3 spell levels left.
You didn't know any spells.

Dungeon Overview and Level Annotations

Branches:
Dungeon (2/15)

Altars:

Annotations:
D:2 Natasha


Message History

You are too injured to fight recklessly!
The shadow imp disappears in a puff of smoke!
Natasha claws you.
* * * LOW HITPOINT WARNING * * *
The crimson imp blinks!
Natasha casts a spell at you. The magic dart hits you!
* * * LOW HITPOINT WARNING * * *
The crimson imp blinks!
Natasha casts a spell at you. The magic dart hits you!
* * * LOW HITPOINT WARNING * * *
The crimson imp disappears in a puff of smoke!
The crimson imp blinks!
Natasha claws you but does no damage.
Natasha mumbles some strange words.
You feel disoriented.
Natasha stares at you and mumbles some strange words.
The magic dart hits you!
You die...

#####.# ##.....## #.###..#
##.##.###.......## ##.#.#####
##...#.##.........####........
##.......'.........'...........
#.....#.##.........####...#####
#.##..#.###.......#####..#### #
#..##.#.####.........##.....# #
#........####....###.##.###.###
#..#.#.#..#...@..###.##........
#.........#.##........#####.###
##.#.#.#..#.#.h....#..# #.#
#..55....#.#....#.#..# #.#
#.#5#.#..#...5..#.#..#####.#
#..h....###.....#..........#
###.##### ##.....§...#######
#.########..######.#
#.....§§...........#


You could see Natasha and a crimson imp.

Vanquished Creatures
  Natasha (D:2)
  2 adders (D:2)
  A worm (D:2)
  A dart slug (D:1)
  A giant gecko (D:1)
  3 giant cockroaches
  10 goblins
  7 hobgoblins
  5 bats
  2 giant newts (D:1)
  2 kobolds (D:1)
  8 rats (D:1)
43 creatures vanquished.

Notes
Turn   | Place    | Note
--------------------------------------------------------------
     0 | D:1      | IDKFA the Hill Orc Fighter began the quest for the Orb.
     0 | D:1      | Reached XP level 1. HP: 19/19 MP: 1/1
   163 | D:1      | Reached XP level 2. HP: 27/27 MP: 2/2
   432 | D:1      | Reached XP level 3. HP: 19/33 MP: 3/3
  1008 | D:2      | Reached skill level 1 in Dodging
  1232 | D:2      | Reached XP level 4. HP: 40/40 MP: 4/4
  1293 | D:2      | Noticed Natasha
  1305 | D:2      | Killed Natasha
  1438 | D:2      | Noticed Natasha
  1484 | D:2      | HP: 1/40 [Natasha/magic dart (5)]
  1488 | D:2      | Killed from afar by Natasha

Skill      XL: |  1  2  3 |
---------------+----------+-----
Armour         | 4 |  4.2
Fighting       | 4 |  4.1
Dodging        | 1 |  1.2
Long Blades    | |  2.6
Shields        | |  3.9

Action                   |  1- 3 |  4- 6 || total
-------------------------+-------+-------++-------
Melee: Long sword        |   134 |    25 ||   159
  Eat: Chunk             |     1 |     1 ||     2
Armor: Scale mail        |    65 |    17 ||    82
Dodge: Dodged            |    44 |    14 ||    58
Block: Shield            |    75 |    19 ||    94
